 Dungeon Crawl Stone Soup version 0.29.1-15-g9cfb28693d (webtiles) character file.

Game seed: 2284753097752987346

4998 sokafootball the Thaumaturge (level 10, -3/117 HPs)
             Began as a White Draconian Fire Elementalist on Sept 16, 2022.
             Slain by a death yak (17 damage)
             ... on level 7 of the Dungeon on Apr 25, 2023.
             The game lasted 00:57:30 (11754 turns).

sokafootball the Thaumaturge (DrFE)                Turns: 11754, Time: 00:57:30

Health: -3/117     AC: 29    Str: 10    XL:     10   Next: 29%
Magic:  6/23       EV:  2    Int: 21    God:
Gold:   365        SH:  0    Dex: 17    Spells: 17/27 levels left

rFire   . . .      SeeInvis .   d - staff of conjuration
rCold   . . .      Faith    .   (no shield)
rNeg    . . .      Spirit   .   (body armour unavailable)
rPois   +          Reflect  .   (helmet currently unavailable)
rElec   .          Harm     .   (cloak currently unavailable)
rCorr   .          Rampage  .   (gloves currently unavailable)
Will    .....      NoTele   +   (boots currently unavailable)
Stlth   +++.......              (no amulet)
HPRegen 0.29/turn               r - +6 ring of dexterity
MPRegen 0.18/turn               v - +4 ring of protection

@: tree-form (expiring)
A: stationary, stasis, torment immunity, boosted hp, (breathe frost), AC +7,
unfitting armour, (cold resistance 1), (cold-blooded)
a: no special abilities


You were on level 7 of the Dungeon.
You were a tree.
You visited 1 branch of the dungeon, and saw 8 of its levels.

You collected 365 gold pieces.

Inventory:

Hand Weapons
 e - a +0 rapier
Armour
 i - a +0 scale mail
 l - a +0 ring mail
 n - a +0 robe
 p - a +0 pair of boots (melded)
 q - the +0 ring mail of the Sparrow {rF+ Int+7}
   (You found it on level 2 of the Dungeon)

   Int:       It affects your intelligence (+7).
   rF:        It protects you from fire.
 w - a +0 robe
Magical Staves
 d - a staff of conjuration (weapon)
Jewellery
 r - a +6 ring of dexterity (left branch)
 v - a +4 ring of protection (right branch)
 F - a ring of protection from fire
Wands
 o - a wand of charming (8)
 u - a wand of polymorph (20)
 y - a wand of iceblast (7)
 C - a wand of flame (7)
Scrolls
 f - a scroll of teleportation
 g - 2 scrolls of vulnerability
 h - 5 scrolls of identify
 j - 2 scrolls of fear
 m - a scroll of poison
 s - 2 scrolls of magic mapping
 x - a scroll of acquirement
 E - 2 scrolls of immolation
Potions
 a - a potion of magic
 b - a potion of lignification
 c - 3 potions of curing
 k - 3 potions of mutation
 t - 2 potions of degeneration
 z - a potion of haste
 A - a potion of flight
 B - a potion of heal wounds {unknown}
Miscellaneous
 D - a lightning rod (4/4)


   Skills:
 + Level 4.1 Fighting
 + Level 0.2 Short Blades
 + Level 3.6 Dodging
 + Level 4.6 Stealth
 + Level 9.0 Spellcasting
 + Level 7.1 Conjurations
 + Level 8.3 Fire Magic
 + Level 0.5 Evocations


You had 17 spell levels left.
You knew the following spells:

 Your Spells              Type           Power      Damage    Failure   Level
a - Foxfire               Conj/Fire      100%       2x1d9     1%          1
b - Scorch                Fire           88%        2d9       1%          2
c - Conjure Flame         Conj/Fire      58%        6-21      1%          3
d - Flame Wave            Conj/Fire      58%        2d14      3%          4

Your spell library contained the following spells:

 Spells                   Type           Power      Damage    Failure   Level
 Inner Flame              Hex/Fire       27%        N/A       3%          3
 Sticky Flame             Conj/Fire      58%        2d7       3%          4
 Sting                    Tmut/Pois      36%        1d4       7%          1
 Summon Small Mammal      Summ           36%        N/A       7%          1
 Ignite Poison            Fire/Tmut/Pois 21%        N/A       7%          3
 Poisonous Vapours        Pois/Air       18%        N/A       11%         2
 Call Canine Familiar     Summ           9%         N/A       22%         3
 Summon Guardian Golem    Hex/Summ       9%         N/A       22%         3
 Cause Fear               Hex            4%         N/A       56%         4
 Olgreb's Toxic Radiance  Pois           9%         N/A       56%         4
 Orb of Destruction       Conj           28%        9d9       97%         7
 Spellforged Servitor     Conj/Summ      18%        N/A       100%        7
 Discord                  Hex            4%         N/A       100%        8


Dungeon Overview and Level Annotations

Branches:
Dungeon (8/15)             Temple (0/1) D:7
   Lair: D:8-11

Altars:
Gozag
Xom
Yredelemnul

Shops:
D:3 [


Innate Abilities, Weirdness & Mutations

You are a tree.
Your roots penetrate the ground, keeping you stationary.
You cannot be teleported.
You are immune to unholy pain and torment.
Your maximum health is greatly increased.
Your equipment is partially melded.
((You can breathe waves of freezing cold which knock back foes.))
((Your icy white scales are hard. (AC +7)))
You cannot fit into any form of body armour.
((Your flesh is cold resistant. (rC+)))
((You are cold-blooded and may be slowed by cold attacks.))


Message History

The orc priest is moderately wounded.
The death yak gores you but does no damage.
The orc priest hits you but does no damage.
You closely miss the orc priest.
The orc priest is moderately wounded.
The death yak gores you but does no damage.
The orc priest miscasts a cantrip.
You hit the orc priest but do no damage.
The orc priest is moderately wounded.
The death yak gores you!
* * * LOW HITPOINT WARNING * * *
The orc priest hits you but does no damage.
The death yak gores you but does no damage.
The orc priest hits you but does no damage.
You hit the orc priest.
The orc priest is moderately wounded.
The death yak completely misses you.
The orc priest hits you but does no damage.
You hit the orc priest.
The orc priest is heavily wounded.
The death yak completely misses you.
The orc priest hits you but does no damage.
You hit the orc priest.
The orc priest is severely wounded.
Your transformation is almost over.
The death yak gores you but does no damage.
The orc priest hits you but does no damage.
You barely miss the orc priest.
The orc priest is severely wounded.
The death yak gores you but does no damage.
The orc priest barely misses you.
You barely miss the orc priest.
The orc priest is severely wounded.
The death yak gores you!
* * * LOW HITPOINT WARNING * * *
The orc priest barely misses you.
The death yak gores you but does no damage.
The orc priest hits you but does no damage.
You feel better. The death yak gores you!
You die...

#...Y#.....#....#
#..>.#.....#...####
#....#.....#...##..
#....#...[['...[...
#....#..[..#.......
#....##...##.......
#....##...##.......
#....#....#........
#.♣..#....#.†......
#Yo..#[...#.†>.....
#....'....'....##..
#....#....#....####
#....#....#........
#....#....#........
#....##...##...##..
#....##...##)..##..
#....#....(..).####


You could see a death yak and an orc priest.

Vanquished Creatures
  A two-headed ogre (D:5)
  Psyche (D:7)
  Maggie (D:7)
  The ghost of ripuliukko the Magician, a novice DEEE (D:5)
  2 steam dragons
  The ghost of Heoruswealwe the Magician, an amateur DEEE (D:4)
  A water moccasin (D:5)
  A sky beast (D:5)
  An orc warrior (D:7)
  2 black bears
  2 ice beasts (D:6)
  3 ogres
  2 centaurs (D:7)
  A phantom (D:6)
  4 kobold brigands
  2 bullfrogs
  A necrophage (D:5)
  5 scorpions
  4 wights (D:7)
  6 killer bees
  4 hounds
  2 jellies
  4 orc priests
  3 iguanas
  4 orc wizards
  A hell rat (D:7)
  2 gnolls
  5 river rats (D:5)
  12 adders
  2 shadow imps
  2 white imps
  2 ufetubi
  5 worms
  6 dart slugs
  16 orcs
  10 ball pythons
  5 endoplasms
  5 giant cockroaches
  11 goblins
  12 hobgoblins
  27 kobolds
  4 quokkas
  5 bats
  5 frilled lizards
  7 rats
  A spectral orc (D:4)
204 creatures vanquished.

Vanquished Creatures (others)
  A centaur (D:5)
  360 foxfires
361 creatures vanquished.

Grand Total: 565 creatures vanquished

Notes
Turn   | Place    | Note
-------+----------+-------------------------------------------
     0 | D:1      | sokafootball the Draconian Fire Elementalist began the
                  | quest for the Orb.
     0 | D:1      | Reached XP level 1. HP: 14/14 MP: 3/3
   303 | D:1      | Reached XP level 2. HP: 20/20 MP: 1/5
   570 | D:1      | Learned a level 2 spell: Scorch
  1370 | D:1      | Reached XP level 3. HP: 26/26 MP: 2/6
  1995 | D:1      | Found a faded altar of an unknown god.
  3183 | D:2      | Identified the +0 ring mail of the Sparrow {rF+ Int+7}
  3185 | D:2      | Upgraded the game from 0.29.1-1-gd02db6906a to
                  | 0.29.1-15-g9cfb28693d
  3705 | D:3      | Reached XP level 4. HP: 33/33 MP: 4/8
  3873 | D:3      | Reached skill level 3 in Spellcasting
  3956 | D:3      | Learned a level 3 spell: Conjure Flame
  4663 | D:3      | Found Qushri Idav's Armour Shop.
  4709 | D:4      | Noticed a bullfrog
  4709 | D:4      | Found a runed translucent door.
  4739 | D:4      | Reached skill level 6 in Spellcasting
  4739 | D:4      | Reached skill level 5 in Conjurations
  4739 | D:4      | Reached XP level 5. HP: 46/46 MP: 7/13
  4750 | D:4      | Reached XP level 6. HP: 52/52 MP: 2/15
  4913 | D:3      | Learned a level 4 spell: Flame Wave
  5480 | D:4      | Your scales start taking on an icy white colour.
  5480 | D:4      | Reduced skill Fire Magic to level 5
  5480 | D:4      | Reached XP level 7. HP: 59/59 MP: 3/16
  5480 | D:4      | Gained mutation: Your flesh is cold resistant. (rC+) [White
                  | Draconian growth]
  5792 | D:4      | Found a basalt altar of Yredelemnul.
  6001 | D:4      | Noticed Heoruswealwe's ghost (amateur DEEE)
  6010 | D:4      | Killed Heoruswealwe's ghost
  6119 | D:5      | Entered Level 5 of the Dungeon
  6257 | D:5      | Reached XP level 8. HP: 66/66 MP: 11/18
  6713 | D:5      | Identified a scroll of acquirement
  6845 | D:5      | Noticed a two-headed ogre
  6858 | D:5      | Killed a two-headed ogre
  6859 | D:5      | Reached skill level 7 in Spellcasting
  7289 | D:5      | Reached XP level 9. HP: 71/71 MP: 11/20
  7803 | D:5      | Found a runed translucent door.
  7803 | D:5      | Noticed ripuliukko's ghost (novice DEEE)
  7819 | D:5      | Killed ripuliukko's ghost
  8127 | D:6      | Reached skill level 8 in Spellcasting
  9159 | D:6      | Found an opulent altar of Gozag.
  9716 | D:7      | Found a staircase to the Ecumenical Temple.
 10160 | D:7      | Noticed Maggie
 10167 | D:7      | Killed Maggie
 10168 | D:7      | Reached XP level 10. HP: 52/78 MP: 4/22
 10287 | D:7      | Found a shimmering altar of Xom.
 10929 | D:8      | Noticed Psyche
 11011 | D:8      | Noticed a death yak
 11050 | D:7      | Killed Psyche
 11354 | D:8      | Noticed a death yak
 11716 | D:7      | Reached skill level 9 in Spellcasting
 11754 | D:7      | Slain by a death yak

Illustrated notes

Levels and vault maps discovered:
D:1:      nicolae_arrival_somewhat_less_tricky_arrival, layout_loops_cross,
          shapermc_ecumenical_altar_hornbeckon
D:2:      layout_basic
D:3:      layout_rooms, serial_shops, shop
D:4:      layout_rooms, yredelemnul_forgotten_temple_becter,
          ebering_ghost_sewer_d, minmay_mini_jars
D:5:      cheibrodos_barr_body, layout_rooms, lightli_sewer_entry_pipes,
          ebering_ghost_inner_flame
D:6:      layout_loops_ring, mainiacjoe_overflow_tiny_flanked,
          kennysheep_another_room, abandoned_shop, st_stairs_12
D:7:      layout_gridville, xom_teletrap_fun, minmay_temple_entry_wispy,
          minmay_unpleasant_kobolds, uniq_maggie
D:8:      cheibrodos_grave_circle, layout_rooms, dpeg_lair_monsters, uniq_psyche

Skill      XL: |  1  2  3  4  5  6  7  8  9 10 |
---------------+-------------------------------+-----
Stealth        | 2 4 |  4.6
Dodging        | 2 3 |  3.6
Spellcasting   | 6 7 8 9 |  9.0
Fighting       | 4 |  4.1
Conjurations   | 5 6 7 |  7.1
Fire Magic     | 6 7 5 6 7 8 |  8.3
Short Blades   | |  0.2
Evocations     | |  0.5

Action                   |  1- 3 |  4- 6 |  7- 9 | 10-12 || total
-------------------------+-------+-------+-------+-------++-------
Melee: Unarmed           |    12 |       |       |       ||    12
       Rapier            |    11 |       |       |       ||    11
       Tailslap          |     3 |       |     1 |       ||     4
       Staff             |       |       |     1 |    13 ||    14
 Cast: Foxfire           |    75 |    47 |    81 |    23 ||   226
       Scorch            |     6 |    18 |   132 |    15 ||   171
       Flame Wave        |       |     2 |     3 |     5 ||    10
       Conjure Flame     |       |       |    10 |     4 ||    14
Evoke: Wand              |       |       |     3 |       ||     3
  Use: Scroll            |     3 |       |     9 |     2 ||    14
       Potion            |       |     1 |     3 |     4 ||     8
Armor: Skin              |    30 |     7 |    21 |    39 ||    97
Dodge: Dodged            |    76 |    14 |    43 |    27 ||   160
